 Dungeon Crawl Stone Soup version 0.24-a0-140-gcaa6c10b7c (webtiles) character file.

Game seed: 8946393292502166877

212 PikkenKukken the Grave Robber (level 5, -2/40 HPs)
             Began as a Demonspawn Necromancer on Mar 4, 2019.
             Slain by a hippogriff (9 damage)
             ... on level 3 of the Dungeon.
             The game lasted 00:13:13 (5851 turns).

PikkenKukken the Grave Robber (DsNe)                Turns: 5851, Time: 00:13:14

Health: -2/40      AC:  5    Str:  8    XL:     5   Next: 58%
Magic:  0/9        EV: 13    Int: 18    God:
Gold:   73         SH:  0    Dex: 13    Spells: 4/9 levels left

rFire    . . .     SeeInvis .   m - +2 dagger (venom)
rCold    . . .     Gourm    .   (no shield)
rNeg     . . .     Faith    .   a - +1 robe
rPois    .         Spirit   +   (no helmet)
rElec    .         Reflect  .   (no cloak)
rCorr    .         Harm     .   (no gloves)
MR       .....                  (no boots)
Stlth    ++........             (no amulet)
HPRegen  0.13/turn              (no ring)
MPRegen  0.11/turn              (no ring)

@: no status effects
A: rugged brown scales 2, magic shield
a: no special abilities


You were on level 3 of the Dungeon.
You were very hungry.

You visited 1 branch of the dungeon, and saw 4 of its levels.

You collected 73 gold pieces.

Inventory:

Hand Weapons
 b - a +0 dagger
 m - a +2 dagger of venom (weapon)
Armour
 a - a +1 robe (worn)
Scrolls
 d - 3 scrolls of identify
 e - 2 scrolls of remove curse
 g - a scroll of amnesia
 j - a scroll of magic mapping
 k - a scroll of fear
Potions
 f - 2 potions of agility {unknown}
 h - a potion of heal wounds {unknown}
 i - a potion of mutation {unknown}
 l - a potion of resistance {unknown}
Comestibles
 c - 5 rations


   Skills:
 + Level 2.6 Fighting
 + Level 3.1 Dodging
 - Level 1.7 Stealth
 + Level 2.8 Spellcasting
 + Level 5.4 Necromancy


You had 4 spell levels left.
You knew the following spells:

 Your Spells              Type           Power        Failure   Level  Hunger
a - Animate Skeleton      Necr           N/A          1%          1    None
b - Pain                  Necr           ###.         1%          1    None
c - Vampiric Draining     Necr           ###.......   5%          3    ###....

Your spell library contained the following spells:

 Spells                   Type           Power        Failure   Level  Hunger
 Regeneration             Chrm/Necr      ##........   16%         3    ###....
 Corona                   Hex            #......      17%         1    None
 Animate Dead             Necr           N/A          17%         4    ####...
 Ensorcelled Hibernation  Hex/Ice        #.....       26%         2    ##.....
 Confuse                  Hex            #.......     45%         3    ###....
 Dazzling Spray           Conj/Hex       #.....       45%         3    ###....
 Tukima's Dance           Hex            #.......     45%         3    ###....


Dungeon Overview and Level Annotations

Branches:
Dungeon (4/15)
 Temple: D:4-7

Altars:
Dithmenos
Okawaru
Vehumet
Yredelemnul
Zin
The Shining One

Annotations:
D:3 2 runed translucent doors, Morbidden's ghost, amateur DENe


Innate Abilities, Weirdness & Mutations

You are mostly covered in rugged brown scales. (AC +2, +5% HP)
When hurt, damage is shared between your health and your magic reserves.


Message History

You barely miss the hippogriff.
The hippogriff is heavily wounded.
The hippogriff bites you! The hippogriff barely misses you. x2
The hippogriff bites you! The hippogriff barely misses you.
The hippogriff claws you.
* * * LOW HITPOINT WARNING * * *
You climb upwards.
Level annotation: 2 runed translucent doors, Morbidden's ghost, amateur DENe
There is a stone staircase leading down here.
You barely miss the hippogriff.
The hippogriff is heavily wounded.
The hippogriff bites you.
* * * LOW HITPOINT WARNING * * *
The hippogriff pecks you but does no damage.
The hippogriff claws you.
* * * LOW HITPOINT WARNING * * *
You closely miss the hippogriff.
The hippogriff is moderately wounded.
The hippogriff bites you!
You die...

#.# #.#############
#.............# #
#.###########.### # #.#
#.......#...# # #.#
#.#####.###.# # #.# #.#
#.###.#############
##.###.#####..H..............#
#...........)@...............#
######.#####..##.####.....####
#.# #...##.#..+.....###.
#.####.........#.....##..
#......#.##.#..#....##...
######.#.##.#..##.Z.Z...8
#.#.##.#..##...##...
#.#.##.#..##Z##.##..
####.#.#..#..##.##.###.


You could see a hippogriff.

Vanquished Creatures
  An ogre (D:3)
  4 adders
  3 worms
  3 dart slugs (D:1)
  2 leopard geckos (D:3)
  2 orcs (D:3)
  3 giant cockroaches
  9 goblins
  2 hobgoblins
  11 bats
  8 frilled lizards
  7 kobolds
  8 rats
63 creatures vanquished.

Vanquished Creatures (collateral kills)
  An adder (D:3)
  A leopard gecko (D:3)
  A goblin (D:3)
  A hobgoblin (D:1)
  2 frilled lizards
  A kobold (D:2)
  A rat (D:1)
8 creatures vanquished.

Grand Total: 71 creatures vanquished

Notes
Turn   | Place    | Note
-------+----------+-------------------------------------------
     0 | D:1      | PikkenKukken the Demonspawn Necromancer began the quest for
                  | the Orb.
     0 | D:1      | Reached XP level 1. HP: 13/13 MP: 3/3
     2 | D:1      | Learned a level 1 spell: Animate Skeleton
   539 | D:1      | Gained mutation: When hurt, damage is shared between your
                  | health and your magic reserves. [demonic ancestry]
   539 | D:1      | Reached XP level 2. HP: 10/20 MP: 0/5
   888 | D:1      | Reached skill level 1 in Fighting
  1674 | D:2      | Gained mutation: You are partially covered in rugged brown
                  | scales. (AC +1, +3% HP) [demonic ancestry]
  1674 | D:2      | Reached XP level 3. HP: 21/26 MP: 3/6
  2172 | D:2      | Learned a level 3 spell: Vampiric Draining
  2238 | D:2      | You fall through a shaft for 2 floors!
  2292 | D:4      | Found an iron altar of Okawaru.
  2348 | D:4      | Noticed an ogre
  2682 | D:3      | Found a glowing golden altar of the Shining One.
  2682 | D:3      | Found a radiant altar of Vehumet.
  2682 | D:3      | Found a shadowy altar of Dithmenos.
  2694 | D:3      | Found a glowing silver altar of Zin.
  2698 | D:3      | Found a basalt altar of Yredelemnul.
  2763 | D:3      | Reached skill level 5 in Necromancy
  2768 | D:3      | Found a runed translucent door.
  2771 | D:3      | Noticed Morbidden's ghost (amateur DENe)
  3891 | D:2      | Gained mutation: You are mostly covered in rugged brown
                  | scales. (AC +2, +5% HP) [demonic ancestry]
  3891 | D:2      | Reached XP level 4. HP: 21/34 MP: 3/7
  5107 | D:3      | Found a glowing golden altar of the Shining One.
  5107 | D:3      | Found a runed translucent door.
  5107 | D:3      | Noticed an angel
  5627 | D:3      | Killed an ogre
  5627 | D:3      | Reached XP level 5. HP: 25/40 MP: 3/9
  5806 | D:4      | Noticed a hippogriff
  5851 | D:3      | Slain by a hippogriff

Levels and vault maps discovered:
D:1:      matt_arrival_refuge, layout_basic, kennysheep_doodads,
          minmay_pentomino_q2
D:2:      layout_basic
D:3:      layout_basic, minmay_overflow_temple_star_hex,
          ebering_ghost_reflecting_pool, first_ration, lemuel_angel_altar
D:4:      layout_cave_pods, okawaru_trees_2

Skill      XL: |  1  2  3  4 |
---------------+-------------+-----
Dodging        | 2 3 |  3.1
Fighting       | 1 2 |  2.6
Necromancy     | 5 |  5.4
Stealth        | |  1.7
Spellcasting   | |  2.8

Action                   |  1- 3 |  4- 6 || total
-------------------------+-------+-------++-------
Melee: Unarmed           |    35 |       ||    35
       Dagger            |   243 |   113 ||   356
 Cast: Pain              |    36 |     3 ||    39
       Animate Skeleton  |    20 |    10 ||    30
       Vampiric Draining |     6 |     4 ||    10
  Use: Scroll            |     8 |       ||     8
 Stab: Sleeping          |     6 |     4 ||    10
  Eat: Chunk             |     8 |     2 ||    10
       Ration            |     2 |       ||     2
Armor: Robe              |    77 |    14 ||    91
Dodge: Dodged            |   245 |    73 ||   318

Table legend:
 A = Non-vault XP
 B = Vault XP
 C = Vault XP percentage of total XP
 D = Non-vault monster count
 E = Vault monster count
 F = Vault count percentage of total count
                 A         B        C        D         E       F
            +---------+---------+-------+---------+---------+-------
      Total |     301 |       2 |   0.7 |      70 |       1 |   1.4
            +---------+---------+-------+---------+---------+-------
        D:1 |      38 |       2 |   5.0 |      24 |       1 |   4.0
        D:2 |      38 |       0 |   0.0 |      15 |       0 |   0.0
        D:3 |     224 |       0 |   0.0 |      30 |       0 |   0.0
        D:4 |       1 |       0 |   0.0 |       1 |       0 |   0.0
            +---------+---------+-------+---------+---------+-------
